 Dungeon Crawl Stone Soup version 0.18.1-47-g9310371 (webtiles) character file.

202 Gargoyl the Skirmisher (level 5, -3/42 HPs)
             Began as a Demonspawn Abyssal Knight on June 13, 2016.
             Was a Believer of Lugonu.
             Slain by a wolf (8 damage)
             ... on level 4 of the Dungeon.
             The game lasted 00:07:02 (4037 turns).

Gargoyl the Skirmisher (Demonspawn Abyssal Knight)  Turns: 4037, Time: 00:07:02

Health: -3/42      AC: 12    Str: 14    XL:     5   Next: 50%
Magic:  7/7        EV:  6    Int: 13    God:    Lugonu [**....]
Gold:   269        SH:  0    Dex: 12    Spells: 0 memorised, 4 levels left

rFire  . . .     SeeInvis .     w - +0 war axe
rCold  . . .     Gourm    .     b - +0 chain mail
rNeg   . . .     Faith    .     (no shield)
rPois  .         Spirit   .     d - +0 helmet
rElec  .         Dismiss  .     l - +0 cloak
rCorr  .         Reflect  .     e - +0 pair of gloves
SustAt .         Harm     .     (no boots)
MR     .....                    (no amulet)
Stlth  ..........               (no ring)
                                (no ring)

@: flying, not resistant to hostile enchantments, extremely unstealthy
A: claws 1, nightstalker 1
a: Depart the Abyss, Bend Space, Renounce Religion


You were on level 4 of the Dungeon.
You worshipped Lugonu.
Lugonu was pleased with you.
You were not hungry.

You visited 1 branch of the dungeon, and saw 4 of its levels.
You visited the Abyss 1 time.

You collected 269 gold pieces.

Inventory:

Hand Weapons
 w - a +0 war axe (weapon)
Armour
 b - a +0 chain mail (worn)
 d - a +0 helmet (worn)
 e - a +0 pair of gloves (worn)
 l - a +0 cloak (worn)
 v - a +1 hat
Wands
 z - a wand of polymorph (10/24)
Scrolls
 a - a scroll of magic mapping {unknown}
 h - 5 scrolls of identify
 p - a scroll of remove curse
 t - a scroll of teleportation {unknown}
 u - 2 scrolls of enchant weapon {unknown}
 y - a scroll of enchant armour {unknown}
Potions
 i - 3 potions of flight
 j - a potion of cancellation {unknown}
 k - a potion of invisibility {unknown}
 n - 2 potions of curing {unknown}
 o - a potion of lignification {unknown}
 q - a potion of agility {unknown}
 r - a potion of brilliance {unknown}
 s - a potion of heal wounds {unknown}
Comestibles
 c - 4 bread rations
 f - 3 beef jerkies
 g - a slice of pizza
 m - 3 meat rations
 x - 2 chunks of flesh


   Skills:
 + Level 4.1 Fighting
 + Level 2.5 Axes
 * Level 3.6 Armour
 + Level 1.8 Dodging
 + Level 2.7 Invocations


You had 4 spell levels left.
You didn't know any spells.

Dungeon Overview and Level Annotations

Branches:
Dungeon (4/15)
 Temple: D:4-7

Altars:
Dithmenos
Kikubaaqudgha
Sif Muna
Trog


Innate Abilities, Weirdness & Mutations

You have sharp fingernails.
You are slightly more attuned to the shadows.


Message History

You closely miss the wolf.
The wolf is moderately wounded.
The wolf bites you. x2
* * * LOW HITPOINT WARNING * * *
The wolf barely misses you.
You closely miss the wolf.
The wolf is moderately wounded.
The wolf bites you!
* * * LOW HITPOINT WARNING * * *
The wolf barely misses you.
You hit the wolf but do no damage.
The wolf is moderately wounded.
The wolf bites you but does no damage. x2
Drink which item? (? for menu, Esc to quit)
It was a potion of flight.
You feel very buoyant.
You fly up into the air.
The wolf bites you but does no damage. The wolf barely misses you.
The wolf bites you!
You die...

############
#........@.#
#.########h#
#.# #?#
######.####
#.#
#.........#
#)#
###.####.##.#
#.#
.........##.#
#.#
####.##..##.#
#.#
###.##..##.#


You could see a wolf.

Vanquished Creatures
  A hound (D:3)
  A worker ant (D:4)
  4 adders
  A shadow imp (D:3)
  An ooze (D:3)
  A worm (D:2)
  4 giant geckos
  5 orcs
  11 bats
  5 giant cockroaches
  11 goblins
  9 hobgoblins
  2 jackals
  12 kobolds
  2 quokkas
  2 ball pythons
  6 giant newts
  14 rats
92 creatures vanquished.

Notes
Turn   | Place    | Note
--------------------------------------------------------------
     0 | Abyss:1  | Gargoyl the Demonspawn Abyssal Knight began the quest for the Orb.
     0 | Abyss:1  | Reached XP level 1. HP: 18/18 MP: 2/2
    69 | Abyss:2  | Noticed a raiju
    72 | D:1      | Escaped the Abyss
   156 | D:1      | Reached * piety under Lugonu
   185 | D:1      | Gained mutation: You are slightly more attuned to the shadows. [demonic ancestry]
   185 | D:1      | Reached XP level 2. HP: 17/24 MP: 4/4
   330 | D:1      | Reached skill level 1 in Dodging
   988 | D:2      | Reached XP level 3. HP: 9/29 MP: 5/5
  1322 | D:2      | Found an ancient bone altar of Kikubaaqudgha.
  1336 | D:2      | Found a shadowy altar of Dithmenos.
  1568 | D:2      | Reached ** piety under Lugonu
  2060 | D:2      | Reached XP level 4. HP: 35/37 MP: 6/6
  2086 | D:2      | Found a deep blue altar of Sif Muna.
  2954 | D:3      | Found a bloodstained altar of Trog.
  3250 | D:3      | Gained mutation: You have sharp fingernails. [demonic ancestry]
  3250 | D:3      | Reached XP level 5. HP: 34/42 MP: 7/7
  3419 | D:3      | Reached skill level 4 in Fighting
  4021 | D:4      | Noticed an ogre
  4023 | D:4      | Noticed a wolf
  4023 | D:4      | an ogre changed into a wolf
  4037 | D:4      | Slain by a wolf

Skill      XL: |  1  2  3  4  5 |
---------------+----------------+-----
Dodging        | 1 |  1.8
Axes           | 2 |  2.5
Armour         | 2 3 |  3.6
Fighting       | 4 |  4.1
Invocations    | |  2.7

Action                   |  1- 3 |  4- 6 || total
-------------------------+-------+-------++-------
Melee: Hand axe          |   148 |   147 ||   295
       War axe           |       |    43 ||    43
Invok: Depart the Abyss  |     1 |       ||     1
Evoke: Wand              |       |     1 ||     1
  Use: Scroll            |     1 |     1 ||     2
       Potion            |       |     1 ||     1
  Eat: Chunk             |     4 |     5 ||     9
       Pizza             |       |     1 ||     1
Armor: Leather armour    |     9 |       ||     9
       Chain mail        |   123 |   183 ||   306
Dodge: Dodged            |    65 |   111 ||   176
